Cogmind - Beta 16 @@@ ROGUE MODE // 2025.11.15 @ 16:22:19 Player: f3-rnm Result: Destroyed by EXE-6 with Concept XC Strikerail Performance ------------- Evolutions (7) 3500 Regions Visited (22) 4400 Robots Destroyed (188) 940 Value Destroyed (9459) 9459 Prototype IDs (47) 940 Alien Tech Used (3) 600 Bonus (10384) 10384 TOTAL SCORE: 30223 Bonus ------- High Alert Combat Kills 418 Follower Combat Kills 1668 Forged Quantum Companion 2000 Network Hubs Disabled 200 Delivered SUBCON Basin 2000 Registered with UFD 300 Met Optimus in HQ 500 Met Data Miner 300 Built Enhanced Grunts 300 Met R17 at Cetus 500 Met R17 at Research 2000 Met Sigix 2000 Friendly Fire -1802 Cogmind --------- Core Integrity 0/1300 Matter 300/300 Energy 74/100 System Corruption 9% Temperature Cool (0) Movement Walking (112) Location -3/Protoforge Parts ------- > --- POWER (2) -------- (None) > --- PROPULSION (8) --- Heavy Armored Exoskeleton Enhanced Biometal Leg > --- UTILITY (9) ------ High-capacity Storage Unit Deep Structural Scanner Experimental Signal Interpreter Nanoactuators Graphene Brace > --- WEAPON (2) ------- Superquantum Companion > --- INVENTORY (20) --- Improved Fusion Compressor Graviton Reactor Flexi-carbon Leg Myomer Leg Shield Leg Heavy Shield Leg Enhanced Optical Array Long-range Sensor Array Weapon Mount Cloaking Device Advanced Force Field A0-MCA's Component Scanner Core Cannon Proton Missile Launcher Sigix Containment Pod Peak State ------------ > --- POWER ------------ Light Antimatter Reactor Particle Reactor > --- PROPULSION ------- Advanced Myomer Leg Heavy Armored Exoskeleton Enhanced Biometal Leg Heavy Shield Leg > --- UTILITY ---------- High-capacity Storage Unit Experimental Signal Interpreter Weapon Mount Core Analyzer Improved Transmission Jammer Advanced Reaction Control System Cloaking Device Centrium Medium Armor Plating Graphene Brace > --- WEAPON ----------- Core Cannon > --- INVENTORY -------- Improved Fusion Compressor Graviton Reactor Graviton Reactor Myomer Leg Shield Leg Deep Structural Scanner Enhanced Optical Array Long-range Sensor Array Nanoactuators Nanoactuators Advanced Force Field Advanced Force Field A0-MCA's Component Scanner Proton Missile Launcher Sigix Containment Pod [Rating: 174] Favorites ----------- Power Subdweller Power Source Engine Subdweller Power Source Power Core Micro Fission Core Reactor Particle Reactor Propulsion Compact Wheel Treads Light Treads Leg Flexi-carbon Leg Wheel Compact Wheel Hover Unit Cooled Gravmag System Flight Unit Improved Diametric Drive Utility Experimental Signal Interpreter Device Advanced Sensor Array Storage High-capacity Storage Unit Processor Experimental Signal Interpreter Protection Centrium Medium Armor Plating Artifact Phase Redirector Weapon Companion Sword Energy Gun Heavy Riot Gun Energy Cannon Heavy Plasma Cannon Ballistic Gun Light Assault Rifle Ballistic Cannon Slug Cannon Launcher Proton Missile Launcher Special Weapon Remote Datajack Slashing Weapon Companion Sword Build | -11 -10 -10 -9 -9 -6 -6 -6 -6 -5 -5 -5 -5 -5 -5 -5 -5 -4 -4 -4 -3 -3 -3 ------- Run | Yrd Mat Sub Rec Scr Fac Low Low Dat Pro Fac Was Fac Ext Cet Arc Hub Fac Was Fac Res Qua Frg Slots Evolved 14 | . . . . . 8 . . . . 2 . . . . . . 2 . . 2 . . Power 1 | . . . . . . . . . . 1 . . . . . . . . . . . . Propulsion 6 | . . . . . 3 . . . . 1 . . . . . . 1 . . 1 . . Utility 7 | . . . . . 5 . . . . . . . . . . . 1 . . 1 . . Weapon . | . . . . . . . . . . . . . . . . . . . . . . . Parts Attached 167 | 5 1 10 . 3 32 2 2 . . 24 . 1 3 8 3 4 3 1 26 15 14 10 Power 24 | 1 . 1 . 1 3 . . . . 3 . 1 1 1 . 1 1 . 6 2 1 1 Engine 8 | 1 . 1 . 1 2 . . . . 1 . . . . . 1 . . 1 . . . Core 6 | . . . . . 1 . . . . 1 . 1 1 . . . . . 2 . . . Reactor 10 | . . . . . . . . . . 1 . . . 1 . . 1 . 3 2 1 1 Propulsion 65 | 2 . 1 . 1 14 . 1 . . 13 . . 2 4 . 1 . 1 14 7 1 3 Treads 3 | 2 . . . . 1 . . . . . . . . . . . . . . . . . Leg 34 | . . . . . 10 . 1 . . 5 . . . . . . . . 8 6 1 3 Wheel 6 | . . 1 . 1 3 . . . . 1 . . . . . . . . . . . . Hover 21 | . . . . . . . . . . 7 . . 2 4 . 1 . 1 6 . . . Flight 1 | . . . . . . . . . . . . . . . . . . . . 1 . . Utility 61 | . 1 2 . . 14 1 . . . 7 . . . 3 3 1 1 . 6 6 11 5 Device 31 | . . . . . 4 . . . . 3 . . . . 3 1 1 . 3 5 8 3 Storage 6 | . 1 1 . . 1 . . . . 1 . . . . . . . . 2 . . . Processor 8 | . . . . . 4 . . . . 2 . . . . . . . . . 1 . 1 Hackware . | . . . . . . . . . . . . . . . . . . . . . . . Protection 15 | . . 1 . . 5 1 . . . 1 . . . 3 . . . . 1 . 2 1 Artifact 1 | . . . . . . . . . . . . . . . . . . . . . 1 . Weapon 17 | 2 . 6 . 1 1 1 1 . . 1 . . . . . 1 1 . . . 1 1 Energy Gun 2 | 1 . 1 . . . . . . . . . . . . . . . . . . . . Energy Cannon 3 | . . . . . . 1 . . . . . . . . . 1 . . . . . 1 Ballistic Gun 2 | 1 . 1 . . . . . . . . . . . . . . . . . . . . Ballistic Cannon 3 | . . 3 . . . . . . . . . . . . . . . . . . . . Launcher 2 | . . 1 . . . . 1 . . . . . . . . . . . . . . . Special Weapon 3 | . . . . . 1 . . . . 1 . . . . . . 1 . . . . . Impact Weapon . | . . . . . . . . . . . . . . . . . . . . . . . Slashing Weapon 2 | . . . . 1 . . . . . . . . . . . . . . . . 1 . Piercing Weapon . | . . . . . . . . . . . . . . . . . . . . . . . Special Melee Weapon . | . . . . . . . . . . . . . . . . . . . . . . . Unidentified Prototypes 22 | . . . . 1 . 1 . . . 3 . . . 2 . 1 . . 4 4 4 2 Corrupted Parts 1 | . . . . . . . . . . 1 . . . . . . . . . . . . System Corruption 1 | . . . . . . . . . . 1 . . . . . . . . . . . . Parts Lost 54 | . . 3 . . 12 . 1 . 1 5 . . 1 7 1 1 3 . 3 2 1 13 Power 11 | . . . . . 2 . . . . 1 . . . 1 . 1 1 . 1 . 1 3 Propulsion 21 | . . 2 . . 6 . 1 . . 3 . . 1 3 . . 1 . 1 . . 3 Utility 21 | . . . . . 4 . . . 1 1 . . . 3 1 . 1 . 1 2 . 7 Weapon 1 | . . 1 . . . . . . . . . . . . . . . . . . . . Highest Loss Streak 9 | . . 2 . . 9 . 1 . 1 3 . . 1 6 1 1 3 . 1 1 1 6 To Critical Strikes . | . . . . . . . . . . . . . . . . . . . . . . . Average Backups 18 | 2 5 15 17 23 17 18 18 19 19 17 12 13 14 14 15 14 14 14 18 18 18 14 Power 2 | . 1 2 3 2 1 1 1 1 1 1 1 1 1 1 2 2 2 2 1 1 2 2 Propulsion 3 | . 1 2 4 4 4 4 3 4 4 2 1 2 3 3 4 4 1 2 4 2 1 2 Utility 8 | . . 5 6 9 6 8 8 8 8 7 5 5 5 5 5 5 7 8 9 12 13 6 Weapon 3 | . 2 4 4 5 3 2 2 3 3 2 3 3 3 3 2 1 1 1 1 2 1 2 Tool/Special . | . . . . . . . . . . . . . . . . . . . . . . . Unused Backups 64 | . . 10 . 5 13 1 1 . . 4 . 1 2 2 3 3 . . 7 4 3 5 Power 8 | . . 1 . 1 3 . . . . . . . . 1 . . . . 1 . . 1 Propulsion 20 | . . . . . 5 1 . . . . . . 1 1 2 3 . . 3 1 1 2 Utility 20 | . . 1 . 4 . . 1 . . 3 . . 1 . . . . . 3 3 2 2 Weapon 15 | . . 8 . . 5 . . . . . . 1 . . 1 . . . . . . . Tool/Special 1 | . . . . . . . . . . 1 . . . . . . . . . . . . Average Slot Usage (%) 70 | . 78 73 71 40 79 86 86 86 85 91 94 94 89 82 84 88 87 84 87 78 76 75 Engine 5 | . 14 14 14 3 5 6 6 6 6 9 . . . . . 3 4 . 1 . . . Core 1 | . . . . . . . . . . . 5 5 6 7 5 5 5 5 5 1 . . Reactor 2 | . . . . . . . . . . . 5 5 4 2 5 1 . 5 3 6 9 9 Treads 1 | . 28 4 . . . . . . . . . . . . . . . . . . . . Leg 9 | . . . . . 21 33 33 33 33 28 . . . . . . . . 14 21 19 20 Wheel 6 | . . 11 14 17 5 . . . . 1 . . . . . . . . . . . . Hover 4 | . . . . . . . . . . 3 35 35 30 32 29 29 30 31 14 . . . Device 7 | . . . . . 5 6 6 6 6 9 5 9 5 . 1 8 14 15 19 22 19 24 Storage 8 | . 7 14 14 13 6 6 6 6 6 5 5 5 5 5 5 5 5 5 5 4 4 4 Processor 7 | . . . . . 16 20 20 20 20 22 23 23 23 18 17 17 15 15 11 10 10 5 Protection 3 | . . . . . 7 6 6 6 5 . 5 1 4 6 11 6 4 . 4 2 6 4 Energy Gun 1 | . 14 4 14 2 . . . . . . . . . . . . . . . . . . Ballistic Cannon 4 | . . 19 14 2 . . . . . . . . . . . . . . . . . . Slashing Weapon 2 | . . . . . 6 6 6 6 6 5 5 5 5 5 5 5 5 5 5 4 3 3 Peak Build Rating 174 | 5 6 35 35 26 77 81 79 74 74 98 101 101 108 116 116 113 121 117 131 152 164 174 Average Rating 70 | 4 5 16 34 13 64 76 75 74 73 87 100 100 105 99 108 108 112 111 120 145 152 157 On Entrance 79 | . 5 6 35 18 26 74 76 74 74 62 98 101 101 107 116 107 107 100 111 119 149 161 Avg Prop Armor Cover (%) 8 | . . . . 12 11 . . . . 4 . . . . . . . 8 3 . . . Naked Turns . | . . . . . . . . . . . . . . . . . . . . . . . Heaviest Build 216 | 8 13 216 216 216 68 72 82 72 72 89 55 55 55 62 62 56 49 41 77 92 102 103 Greatest Support 210 | 40 40 40 16 16 93 93 93 88 88 129 77 62 90 72 72 85 81 66 147 195 195 210 Greatest Overweight (x) 13 | . . 13 13 13 2 . . . . 1 . . . . . . . . 2 . . . Average Overweight (x) 2 | . . 8 13 8 . . . . . . . . . . . . . . . . . . Largest Inventory Capacity 35 | 5 8 35 35 35 35 20 20 20 20 20 15 15 15 15 15 15 15 15 20 20 20 20 Average Capacity 24 | 5 6 29 35 32 20 20 20 20 20 19 15 15 15 15 15 15 15 15 18 20 20 20 Most Carried 35 | 4 8 35 35 35 33 20 20 20 20 20 15 15 15 15 15 15 15 15 20 20 20 20 Average Carried 20 | 2 5 19 34 26 18 19 19 20 20 18 14 14 14 14 14 14 14 14 18 19 19 17 Final Capacity 35 | 5 8 35 35 35 20 20 20 20 20 15 15 15 15 15 15 15 15 15 20 20 20 20 Final Carried 35 | 4 8 35 21 35 20 20 20 20 20 13 15 15 15 15 15 15 15 15 20 20 20 18 Scrap Suit Usage (%) 1 | . . . . . 24 . . . . . . . . . . . . . . . . . Class Distribution -------------------- 39% | Hauler-Mutant 22% | Assassin 16% | Mutant 5% | Scavenger-Assassin 4% | Ninja 3% | Commander-Mutant Dominant Class ---------------- Mutant | -10/Materials Hauler-Mutant | -10/Subcaves Hauler-Mutant | -9/Recycling Hauler-Mutant | -9/Scraptown Scavenger-Assassin | -6/Factory Assassin | -6/Lower Caves Assassin | -6/Lower Caves Assassin | -6/Data Miner Assassin | -5/Proximity Caves Scavenger-Assassin | -5/Factory Scavenger-Sprinter | -5/Waste Scout | -5/Factory Mutant | -5/Extension Commander-Sprinter | -5/Cetus Commander-Mutant | -5/Archives Commander-Ninja | -5/Hub_04(d) Ninja | -4/Factory Ninja | -4/Waste Assassin | -4/Factory Assassin | -3/Research Mutant | -3/Quarantine Mutant | -3/Protoforge Resources | -11 -10 -10 -9 -9 -6 -6 -6 -6 -5 -5 -5 -5 -5 -5 -5 -5 -4 -4 -4 -3 -3 -3 ----------- Run | Yrd Mat Sub Rec Scr Fac Low Low Dat Pro Fac Was Fac Ext Cet Arc Hub Fac Was Fac Res Qua Frg Matter Collected 3534 | 238 . 365 . 20 292 142 321 . 25 355 . . 121 98 57 116 51 . 615 200 275 243 Remotely . | . . . . . . . . . . . . . . . . . . . . . . . Salvage Created 11342 | . . 279 . . 796 43 374 . 199 1190 . . 851 284 130 616 227 . 2631 1213 242 2267 Parts 494 | . . 17 . . 41 4 21 . 4 44 . . 42 13 15 41 5 . 86 56 9 96 Haulers Intercepted 11 | . . . . . . . . . . 2 . . . . . 1 2 . 4 2 . . Recyclers Shooed 1 | . . . . . . . . . . . . . . . . . . . 1 . . . Parts Field Recycled . | . . . . . . . . . . . . . . . . . . . . . . . Retrieved Matter . | . . . . . . . . . . . . . . . . . . . . . . . Parts Self-Destructed 13 | . . 5 . . . . 6 . 2 . . . . . . . . . . . . . Prevented 10 | . . . . . . 3 7 . . . . . . . . . . . . . . . Parts Restored . | . . . . . . . . . . . . . . . . . . . . . . . Kills | -11 -10 -10 -9 -9 -6 -6 -6 -6 -5 -5 -5 -5 -5 -5 -5 -5 -4 -4 -4 -3 -3 -3 ------- Run | Yrd Mat Sub Rec Scr Fac Low Low Dat Pro Fac Was Fac Ext Cet Arc Hub Fac Was Fac Res Qua Frg Combat Hostiles Destroyed 123 | . . 9 . . 12 1 7 . 1 10 . . 11 3 . 5 . . 22 10 3 29 Melee 96 | . . . . . 12 1 3 . 1 8 . . 11 3 . 4 . . 17 9 3 24 Guns 2 | . . 1 . . . . . . . . . . . . . . . . . . . 1 Cannons 9 | . . 6 . . . . . . . . . . . . . . . . . 1 . 2 AOE 7 | . . 2 . . . . 3 . . 1 . . . . . 1 . . . . . . Classes Destroyed 19 | . . 4 . . 4 . 2 . . 3 . . . . . 2 . . 1 . . 3 Worker 15 | . . . . . . . . . . . . . . . . 7 1 . 3 4 . . Builder 5 | . . . . . . . . . . . . . . . . 2 . . 1 2 . . Tunneler 2 | . . . . . . . . . . . . . . . . 1 . . . 1 . . Hauler 11 | . . . . . . . . . . 2 . . . . . 1 2 . 4 2 . . Recycler 10 | . . . . . 1 . . . . 2 . . 1 . . 1 . . 4 1 . . Mechanic 1 | . . . . . . . . . . . . . . . . . . . 1 . . . Operator 9 | . . . . . 1 . . . . 1 . . 2 . 4 . . . . . . 1 Drone 2 | . . . . . . . . . . . . . . . . . . . . . . 2 Watcher 10 | . . . . . . . . . . 1 . . . . . . 1 . 2 2 1 3 Swarmer 15 | . . 1 . . 3 . 4 . . . . . . . . 2 . . . 4 . 1 Grunt 50 | . . . . . 7 . 2 . 1 7 . . 9 1 . 2 . . 8 2 . 11 Brawler 3 | . . . . . . . 1 . . . . . . . . . . . . . . 2 Sentry 11 | . . 1 . . 1 . . . . 1 . . 1 . . 1 . . . 3 . 3 Hunter 11 | . . . . . . . . . . 2 . . . . . . . . 6 1 . 2 Programmer 14 | . . . . . 1 1 . . . . . . . . . . . . 8 . . 4 Cetus Guard 2 | . . . . . . . . . . . . . . 2 . . . . . . . . Quarantine Guard 3 | . . . . . . . . . . . . . . . . . . . . . 3 . Enhanced Grunt 1 | . . . . . . . . . . 1 . . . . . . . . . . . . Hotshot 2 | . . . . . . . . . . . . . . . . . . . . . . 2 Striker 1 | . . . . . . . . . . . . . . . . . . . . . . 1 Alpha 7 1 | . . . . . . . . . . . . . . . . . . . . . . 1 Artisan 1 | . . 1 . . . . . . . . . . . . . . . . . . . . Subdweller 7 | . . 7 . . . . . . . . . . . . . . . . . . . . Decomposer 2 | . . . . . . . 2 . . . . . . . . . . . . . . . Thug 1 | . . . . . . . . . . . . . 1 . . . . . . . . . Best Kill Streak 8 | . . 2 . . 3 1 2 . 1 2 . . 4 1 2 5 2 . 4 4 1 8 Combat Bots Only 8 | . . 2 . . 3 1 2 . 1 2 . . 3 1 . 2 . . 4 4 1 8 Max Kills in Single Turn 4 | . . 1 . . 1 1 1 . 1 1 . . 1 1 1 4 1 . 2 1 1 2 Gunslinging . | . . . . . . . . . . . . . . . . . . . . . . . Exploded 1 | . . 1 . . . . 1 . . 1 . . . . . 1 . . . . . . Melee 2 | . . . . . 1 1 1 . 1 1 . . 1 1 . 1 . . 2 1 1 2 Uniques/NPCs Destroyed 1 | . . . . . . . . . . . . . . 1 . . . . . . . . A7 (-5/Cetus) Combat | -11 -10 -10 -9 -9 -6 -6 -6 -6 -5 -5 -5 -5 -5 -5 -5 -5 -4 -4 -4 -3 -3 -3 -------- Run | Yrd Mat Sub Rec Scr Fac Low Low Dat Pro Fac Was Fac Ext Cet Arc Hub Fac Was Fac Res Qua Frg Hostile Shots Fired 1147 | . . 53 . . 214 8 40 . . 114 . 7 58 53 21 19 27 . 163 65 56 249 Missed 325 | . . 15 . . 43 5 12 . . 27 . 4 17 15 5 5 13 . 50 21 20 73 Deflected 20 | . . . . . . . . . . . . . . . . . . . 7 2 . 11 Hits 822 | . . 38 . . 171 3 28 . . 87 . 3 41 38 16 14 14 . 113 44 36 176 Melee 9 | . . . . . . . . . . . . . . . . . . . . 1 . 8 Projectile 813 | . . 38 . . 171 3 28 . . 87 . 3 41 38 16 14 14 . 113 43 36 168 AOE 2 | . . . . . . . . . . 1 . . 1 . . . . . . . . . Critical Strikes 54 | . . . . . 12 . 1 . . 2 . . 2 8 . . 1 . 7 3 3 15 Actively Blocked 15 | . . . . . . . . . . . . . . . . . . . . . . 15 Damage Taken 17644 | . . 845 . . 2989 46 478 . 77 950 . 38 646 995 527 512 392 . 2241 875 1300 4733 Core 3063 | . . 140 . . 619 . 82 . 7 162 . 14 75 245 . 100 30 . 351 104 264 870 Absorbed by Shields 1343 | . . . . . . . . . . 464 . . 32 97 . . . . . . 99 651 Redirected to Shielding 109 | . . . . . 4 . . . . . . . . . . . . . . . 32 73 Ignored by Resistances 706 | . . . . . . . . . . 244 . 18 248 70 . . . . . 126 . . Regen/Repaired (Parts) 1298 | . . . . . . . . . . . . . . . . . . . 332 . 966 . Core Remaining (%) 53 | 100 . . . 44 . . . . 16 . . . . . . 40 . . 66 . . . Volleys Fired 104 | 3 . 34 . . 1 7 16 . . 13 . . . . . 3 6 2 15 . . 4 Largest 2 | 2 . 2 . . 1 1 1 . . 1 . . . . . 1 1 1 1 . . 1 Hottest 300 | 60 . 100 . . 5 90 90 . . 90 . . . . . 39 90 90 90 . . 300 Shots Fired 133 | 4 . 63 . . 1 7 16 . . 13 . . . . . 3 6 2 15 . . 3 Gun 27 | 4 . 23 . . . . . . . . . . . . . . . . . . . . Cannon 70 | . . 36 . . . 7 4 . . 5 . . . . . . 4 2 9 . . 3 Launcher 31 | . . 4 . . . . 12 . . 6 . . . . . 3 . . 6 . . . Special 5 | . . . . . 1 . . . . 2 . . . . . . 2 . . . . . Kinetic 55 | 3 . 52 . . . . . . . . . . . . . . . . . . . . Thermal 34 | . . . . . . 7 4 . . 5 . . . . . . 4 2 9 . . 3 Explosive 4 | . . 4 . . . . . . . . . . . . . . . . . . . . Electromagnetic 35 | 1 . 7 . . . . 12 . . 6 . . . . . 3 . . 6 . . . Robot Hit Streak 16 | 1 . 16 . . 2 . 4 . . 4 . . . . . . 4 . 3 . . . Robot Miss Streak 3 | . . 3 . . . . 1 . . 1 . . . . . . . . 1 . . 1 Penetration Max . | . . . . . . . . . . . . . . . . . . . . . . . Secondary Targets . | . . . . . . . . . . . . . . . . . . . . . . . Autonomous 16 | . . . . . . . . . . . . . . . . . . . 2 4 1 9 Shots Hit Robots 542 | 1 . 38 . . 49 2 15 . 6 45 . . 40 24 11 29 8 . 88 56 23 107 Core Hits 244 | . . 23 . . 19 1 11 . 4 26 . . 21 9 3 19 4 . 33 22 10 39 Critical Kills . | . . . . . . . . . . . . . . . . . . . . . . . Critical Parts Destroyed . | . . . . . . . . . . . . . . . . . . . . . . . Critical Strikes 24 | . . . . . 4 . . . . . . . 2 2 . 2 . . 6 . . 8 Melee Attacks 631 | . . . . . 68 4 20 . 7 52 . 1 48 30 11 38 11 . 111 67 40 123 Impact . | . . . . . . . . . . . . . . . . . . . . . . . Slashing 631 | . . . . . 68 4 20 . 7 52 . 1 48 30 11 38 11 . 111 67 40 123 Piercing . | . . . . . . . . . . . . . . . . . . . . . . . Sneak Attacks 79 | . . . . . 1 . 2 . . 7 . . 7 4 4 12 3 . 18 13 . 8 Combat Hostiles 6 | . . . . . . . . . . . . . . . . . . . 3 2 . 1 Follow-up Attacks 12 | . . . . . . . . . . 1 . . 2 2 . . . . 1 1 . 5 Martial Strikes 14 | . . . . . . . . . . . . . . . . . . . 7 4 1 2 Damage Inflicted 33748 | 16 . 1323 . . 2053 78 858 . 394 2443 . . 2080 1033 760 1894 419 . 5913 4266 1653 8565 Guns 203 | 16 . 187 . . . . . . . . . . . . . . . . . . . . Cannons 1734 | . . 392 . . . . . . . . . . . . . . . . 159 370 80 733 Explosions 2156 | . . 744 . . . . 389 . . 468 . . . . . 211 . . 344 . . . Melee 29655 | . . . . . 2053 78 469 . 394 1975 . . 2080 1033 760 1683 419 . 5410 3896 1573 7832 Ramming . | . . . . . . . . . . . . . . . . . . . . . . . Kinetic 515 | 16 . 499 . . . . . . . . . . . . . . . . . . . . Thermal 167 | . . . . . . . . . . 167 . . . . . . . . . . . . Explosive 871 | . . 744 . . . . . . . 127 . . . . . . . . . . . . Electromagnetic 1198 | . . 80 . . . . 389 . . 174 . . . . . 211 . . 344 . . . Impact . | . . . . . . . . . . . . . . . . . . . . . . . Slashing 29655 | . . . . . 2053 78 469 . 394 1975 . . 2080 1033 760 1683 419 . 5410 3896 1573 7832 Piercing . | . . . . . . . . . . . . . . . . . . . . . . . Phasic 1342 | . . . . . . . . . . . . . . . . . . . 159 370 80 733 Highest Corruption 16 | . . . . . 1 1 1 1 1 1 11 11 16 16 16 4 2 10 14 . 2 9 Average Corruption 6 | . . . . . 1 1 1 1 1 1 7 11 12 16 10 1 2 7 11 . 1 5 Corruption Purged 18 | . . . . . . . . . . . . . . . 16 . . . . . 2 . Corruption Blocked . | . . . . . . . . . . . . . . . . . . . . . . . Effects 173 | . . . . . 2 3 6 . 3 3 2 4 34 18 10 2 2 1 62 . 8 13 Message Errors 34 | . . . . . . 1 . . 1 2 . . 8 2 3 1 1 . 8 . 4 3 Matter Fused 44 | . . . . . 1 1 3 . 2 . 1 . 7 3 3 1 . . 19 . . 3 Heat Flow Errors 25 | . . . . . . . 2 . . 1 . 2 4 2 1 . . . 11 . 1 1 Energy Discharges 19 | . . . . . . . 1 . . . . . 5 5 1 . 1 . 4 . 1 1 Parts Rejected 4 | . . . . . . . . . . . . . 1 . . . . . 2 . . 1 Parts Fused 2 | . . . . . . . . . . . . . . . . . . . 1 . . 1 Data Loss (minor) 20 | . . . . . 1 1 . . . . . 1 6 2 1 . . . 5 . 1 2 Data Loss (major) 7 | . . . . . . . . . . . . . . 1 . . . . 5 . 1 . Alerts 2 | . . . . . . . . . . . . . . . . . . . 2 . . . Misdirections 15 | . . . . . . . . . . . 1 1 3 3 1 . . 1 5 . . . Weapon Failures 1 | . . . . . . . . . . . . . . . . . . . . . . 1 Overload Shots . | . . . . . . . . . . . . . . . . . . . . . . . Overflow Damage 3337 | . . 8 . . 97 . 127 . 70 108 . . 105 . 185 282 27 . 981 540 102 705 Projectiles 80 | . . . . . . . . . . . . . . . . . . . 16 . . 64 Explosions 48 | . . 8 . . . . . . . 34 . . . . . 6 . . . . . . Melee 3209 | . . . . . 97 . 127 . 70 74 . . 105 . 185 276 27 . 965 540 102 641 Knockbacks 2 | . . 2 . . . . . . . . . . . . . . . . . . . . Impact . | . . . . . . . . . . . . . . . . . . . . . . . Kinetic 2 | . . 2 . . . . . . . . . . . . . . . . . . . . Secondary . | . . . . . . . . . . . . . . . . . . . . . . . Self-Inflicted Damage 97 | . . . . . . . 4 . . . . . . . . 93 . . . . . . Shots 2 | . . . . . . . 1 . . . . . . . . 1 . . . . . . Rammed . | . . . . . . . . . . . . . . . . . . . . . . . Targets Rammed . | . . . . . . . . . . . . . . . . . . . . . . . Kicked . | . . . . . . . . . . . . . . . . . . . . . . . Crushed . | . . . . . . . . . . . . . . . . . . . . . . . Highest Temperature 367 | 20 . . . . 17 128 200 . . 168 . 276 264 239 97 6 144 84 367 . 188 168 Average Temperature 90 | 10 . . . . 9 60 65 . . 65 . 154 89 103 29 6 57 47 111 . 46 81 Received Heat Transfer 3461 | . . 192 . . 1257 . 135 . 12 335 . 27 360 147 72 81 58 . 256 111 4 414 Effects 2 | . . . . . . . . . . . . . . 2 . . . . . . . . Interference 2 | . . . . . . . . . . . . . . 2 . . . . . . . . Siege Activations . | . . . . . . . . . . . . . . . . . . . . . . . Martial Activations 8 | . . . . . . . . . . . . . . . . . . . 4 1 2 1 Total Turns 598 | . . . . . . . . . . . . . . . . . . . 90 26 456 26 Longest Duration 328 | . . . . . . . . . . . . . . . . . . . 38 26 328 26 Shielding Activations . | . . . . . . . . . . . . . . . . . . . . . . . Robots Disrupted 6 | . . . . . . . 1 . . . . . . . . . . . 2 1 . 2 Combat Hostiles 5 | . . . . . . . 1 . . . . . . . . . . . 1 1 . 2 Robots Corrupted 4 | . . . . . . . 1 . . 1 . . . . . . . . 2 . . . Combat Hostiles 4 | . . . . . . . 1 . . 1 . . . . . . . . 2 . . . Parts Fried 5 | . . . . . . . 1 . . . . . . 1 . . . . 3 . . . Impact Corruptions . | . . . . . . . . . . . . . . . . . . . . . . . Robots Melted . | . . . . . . . . . . . . . . . . . . . . . . . Combat Hostiles . | . . . . . . . . . . . . . . . . . . . . . . . Parts Melted 10 | . . 1 . . . . . . . . . . . . . . . . . . 9 . Heat Transferred 100 | . . . . . . . . . . 100 . . . . . . . . . . . . Parts Sabotaged . | . . . . . . . . . . . . . . . . . . . . . . . Parts Stolen . | . . . . . . . . . . . . . . . . . . . . . . . Parts Stripped 55 | . . . . . . . . . . . . . . . . . . . 34 4 . 17 Power Chain Reactions 2 | . . . . . . . 1 . . . . . . . . 1 . . . . . . Alert | -11 -10 -10 -9 -9 -6 -6 -6 -6 -5 -5 -5 -5 -5 -5 -5 -5 -4 -4 -4 -3 -3 -3 ------- Run | Yrd Mat Sub Rec Scr Fac Low Low Dat Pro Fac Was Fac Ext Cet Arc Hub Fac Was Fac Res Qua Frg Maximum Alert Level 4 | . . . . . . . . . . 1 . . 2 1 1 4 2 1 2 1 . 2 Low Security (%) 69 | 100 100 . 100 . 100 . . . . 80 100 100 13 35 71 35 . 2 53 33 100 70 Level 1 20 | . . . . . . . . . . 19 . . 63 64 28 21 . 97 27 66 . 7 Level 2 8 | . . . . . . . . . . . . . 23 . . 9 100 . 18 . . 22 Level 3 . | . . . . . . . . . . . . . . . . 21 . . . . . . Level 4 . | . . . . . . . . . . . . . . . . 12 . . . . . . Level 5 . | . . . . . . . . . . . . . . . . . . . . . . . High Security . | . . . . . . . . . . . . . . . . . . . . . . . Max Security . | . . . . . . . . . . . . . . . . . . . . . . . Peak Influence 1311 | . . . . . 141 . . . . 366 121 81 452 352 276 1311 635 213 522 323 157 611 Initial 635 | . . . . . . . . . . 48 121 81 21 180 128 4 635 213 137 272 157 45 Average 151 | . . . . . 54 . . . . 89 115 64 324 226 142 456 597 207 187 225 34 209 Influence Increases 7429 | . . 115 . . 476 30 205 . 99 600 15 2 745 452 208 1514 175 4 898 487 381 1023 Destroy 0b10 Robot/C 3060 | . . 40 . . 240 20 140 . 60 200 . . 380 240 80 420 . . 440 200 60 540 Destroy 0b10 Robot/NC 355 | . . . . . 10 . . . 10 30 . . 15 5 20 75 20 . 75 60 5 30 Destroy Leader 598 | . . . . . 60 10 20 . 10 46 . . 40 10 . 98 6 . 102 58 32 106 Allied During Kill 942 | . . . . . . . . . 19 . . . 68 177 100 578 . . . . . . Successful Hack 148 | . . . . . 28 . . . . 19 . . 14 . . . . . 6 . 81 . Disable Machine 450 | . . . . . 30 . . . . 90 . . 15 . . 120 . . . 15 180 . Anti-Garrison Action 300 | . . . . . . . . . . . . . . . . . . . . 150 . 150 Destroy Structure 541 | . . . . . 3 . . . . 140 . 2 18 20 8 178 14 4 50 4 8 92 Partial Spotted 105 | . . . . . . . . . . . 15 . 45 . . 15 15 . 15 . . . Lose Combat Pursuer 930 | . . 75 . . 105 . 45 . . 75 . . 150 . . 30 120 . 210 . 15 105 Influence Decreases 6865 | . . 115 . . 476 30 205 . 22 330 246 75 466 452 518 228 863 417 576 725 582 539 Entered New Map 2182 | . . . . . . . . . . 29 226 35 22 142 194 8 663 397 60 247 124 35 Time Decay 3963 | . . 115 . . 386 30 195 . 12 251 20 40 334 180 294 150 170 20 486 458 448 374 Lost Part 480 | . . . . . 90 . 10 . 10 50 . . 10 70 10 10 30 . 30 20 10 130 Lost Ally 240 | . . . . . . . . . . . . . 100 60 20 60 . . . . . . Squads Dispatched 63 | . . . . . 3 . . . . 6 . 1 4 1 . 6 6 . 17 8 3 8 Investigation 28 | . . . . . 2 . . . . 2 . 1 . 1 . 2 4 . 10 3 3 . Extermination 9 | . . . . . 1 . . . . 1 . . . . . . 1 . 5 . . 1 Reinforcement 21 | . . . . . . . . . . 3 . . 3 . . 3 . . 2 5 . 5 Assault 5 | . . . . . . . . . . . . . 1 . . 1 1 . . . . 2 Garrison . | . . . . . . . . . . . . . . . . . . . . . . . Intercept . | . . . . . . . . . . . . . . . . . . . . . . . Searches Triggered . | . . . . . . . . . . . . . . . . . . . . . . . Data Miner Redirects 10 | . . . . . . . . . . 1 . . 1 1 . 2 1 . 3 . 1 . Construction Impeded . | . . . . . . . . . . . . . . . . . . . . . . . Haulers Reinforced 7 | . . . . . . . . . . 2 . . . . . 2 . . 1 2 . . Active Scanning Responses . | . . . . . . . . . . . . . . . . . . . . . . . Cargo Convoy Interrupts . | . . . . . . . . . . . . . . . . . . . . . . . Stealth | -11 -10 -10 -9 -9 -6 -6 -6 -6 -5 -5 -5 -5 -5 -5 -5 -5 -4 -4 -4 -3 -3 -3 --------- Run | Yrd Mat Sub Rec Scr Fac Low Low Dat Pro Fac Was Fac Ext Cet Arc Hub Fac Was Fac Res Qua Frg Distress Signals 17 | . . . . . . . . . . . . 1 1 . . 4 1 . 3 5 . 2 Communications Jammed 24 | . . . . . . . . . . . . . . . . 7 . . 4 . . 13 Distress Signals 24 | . . . . . . . . . . . . . . . . 7 . . 4 . . 13 Times Spotted 312 | . . 27 . . 24 1 8 . 3 24 3 4 26 15 5 32 15 6 44 23 5 47 Peak Tracking Total 13 | . . 8 . . 4 1 3 . 3 6 3 4 7 5 3 9 10 6 5 4 1 13 Tactical Retreats 39 | . . 1 . . 7 . 2 . . 3 . . 7 . . 1 4 . 7 . 1 6 Traps | -11 -10 -10 -9 -9 -6 -6 -6 -6 -5 -5 -5 -5 -5 -5 -5 -5 -4 -4 -4 -3 -3 -3 ------- Run | Yrd Mat Sub Rec Scr Fac Low Low Dat Pro Fac Was Fac Ext Cet Arc Hub Fac Was Fac Res Qua Frg Traps Triggered 19 | . . 1 . . 3 . . . . 3 . . 2 . . 2 3 . 3 . 2 . Indirectly . | . . . . . . . . . . . . . . . . . . . . . . . Trap Hack Attempts . | . . . . . . . . . . . . . . . . . . . . . . . Triggered . | . . . . . . . . . . . . . . . . . . . . . . . Disarmed . | . . . . . . . . . . . . . . . . . . . . . . . Reprogrammed . | . . . . . . . . . . . . . . . . . . . . . . . Reused . | . . . . . . . . . . . . . . . . . . . . . . . Traps Extracted . | . . . . . . . . . . . . . . . . . . . . . . . Installed . | . . . . . . . . . . . . . . . . . . . . . . . Triggered . | . . . . . . . . . . . . . . . . . . . . . . . Machines | -11 -10 -10 -9 -9 -6 -6 -6 -6 -5 -5 -5 -5 -5 -5 -5 -5 -4 -4 -4 -3 -3 -3 ---------- Run | Yrd Mat Sub Rec Scr Fac Low Low Dat Pro Fac Was Fac Ext Cet Arc Hub Fac Was Fac Res Qua Frg Machines Disabled 34 | . . 1 . . 2 . . . . 6 . . 1 . . 8 . . . 2 12 2 Max in Single Turn 4 | . . 1 . . 1 . . . . 4 . . . . . 4 . . . 1 1 1 Garrison Access 4 | . . . . . . . . . . . . . . . . 1 1 . . 1 . 1 Network Hub 1 | . . . . . . . . . . . . . . . . 1 . . . . . . Energy Cycler 2 | . . . . . . . . . . . . . 2 . . . . . . . . . Machines Repaired . | . . . . . . . . . . . . . . . . . . . . . . . Machines Dismantled . | . . . . . . . . . . . . . . . . . . . . . . . Machines Sabotaged . | . . . . . . . . . . . . . . . . . . . . . . . Overloaded Fab Kills . | . . . . . . . . . . . . . . . . . . . . . . . Hacking | -11 -10 -10 -9 -9 -6 -6 -6 -6 -5 -5 -5 -5 -5 -5 -5 -5 -4 -4 -4 -3 -3 -3 --------- Run | Yrd Mat Sub Rec Scr Fac Low Low Dat Pro Fac Was Fac Ext Cet Arc Hub Fac Was Fac Res Qua Frg Machines Accessed 56 | . . 3 . 3 7 . . 3 . 5 . 1 2 1 . 5 7 . 10 4 5 . Terminals 18 | . . . . . 2 . . . . 3 . . 2 1 . 4 1 . 2 1 2 . Fabricators 2 | . . . . . 2 . . . . . . . . . . . . . . . . . Repair Stations 6 | . . . . . . . . . . . . 1 . . . . . . 3 . 2 . Recycling Units 14 | . . . . . 2 . . . . 2 . . . . . . 4 . 4 2 . . Scanalyzers 3 | . . . . . 1 . . . . . . . . . . . . . 1 . 1 . Garrison Access 4 | . . . . . . . . . . . . . . . . 1 2 . . 1 . . Total Hacks 146 | . . 3 . 21 10 . . 23 . 7 . 3 3 3 . 9 17 . 23 12 12 . Successful 89 | . . 3 . 21 8 . . 23 . 5 . 1 2 . . 4 3 . 10 2 7 . Failed 57 | . . . . . 2 . . . . 2 . 2 1 3 . 5 14 . 13 10 5 . Catastrophic 18 | . . . . . . . . . . 1 . 1 1 2 . 2 4 . 1 4 2 . Database Lockouts . | . . . . . . . . . . . . . . . . . . . . . . . Manual 55 | . . . . . 4 . . . . 4 . . . 1 . 7 13 . 16 8 2 . Terminals 34 | . . . . . 2 . . . . 4 . . 3 3 . 8 2 . 7 2 3 . Fabricators 3 | . . . . . 3 . . . . . . . . . . . . . . . . . Repair Stations 18 | . . . . . . . . . . . . 3 . . . . . . 8 . 7 . Recycling Units 31 | . . . . . 3 . . . . 3 . . . . . . 12 . 6 7 . . Scanalyzers 6 | . . . . . 2 . . . . . . . . . . . . . 2 . 2 . Garrison Access 7 | . . . . . . . . . . . . . . . . 1 3 . . 3 . . Terminal Hacks 57 | . . 3 . 21 1 . . 23 . 4 . . 2 . . 1 . . . . 2 . Record 28 | . . . . 20 . . . 6 . . . . . . . 1 . . . . 1 . Part Schematic 10 | . . . . . . . . 10 . . . . . . . . . . . . . . Robot Schematic 4 | . . . . . . . . 4 . . . . . . . . . . . . . . Prototype ID Bank 3 | . . . . . . . . 3 . . . . . . . . . . . . . . Open Door 3 | . . 1 . 1 . . . . . . . . . . . . . . . . 1 . Branch Access Points 1 | . . . . . 1 . . . . . . . . . . . . . . . . . Recycling Unit Index 1 | . . . . . . . . . . 1 . . . . . . . . . . . . Scanalyzer Index 1 | . . . . . . . . . . 1 . . . . . . . . . . . . Alert Level 1 | . . . . . . . . . . 1 . . . . . . . . . . . . Zone Layout 3 | . . . . . . . . . . 1 . . 2 . . . . . . . . . Proto ID Catalog 1 | . . 1 . . . . . . . . . . . . . . . . . . . . Release Object 1 | . . 1 . . . . . . . . . . . . . . . . . . . . Fabricator Hacks 2 | . . . . . 2 . . . . . . . . . . . . . . . . . Network Status 2 | . . . . . 2 . . . . . . . . . . . . . . . . . Repair Station Hacks 5 | . . . . . . . . . . . . 1 . . . . . . 2 . 2 . Scan Component 3 | . . . . . . . . . . . . 1 . . . . . . 1 . 1 . Repair 2 | . . . . . . . . . . . . . . . . . . . 1 . 1 . Recycling Unit Hacks 1 | . . . . . 1 . . . . . . . . . . . . . . . . . Report Inventory 1 | . . . . . 1 . . . . . . . . . . . . . . . . . Scanalyzer 4 | . . . . . 1 . . . . . . . . . . . . . 1 . 2 . Retrieve Study 4 | . . . . . 1 . . . . . . . . . . . . . 1 . 2 . Garrison Access Hacks 2 | . . . . . . . . . . . . . . . . 1 1 . . . . . Seal Access 2 | . . . . . . . . . . . . . . . . 1 1 . . . . . Unauthorized Hacks 18 | . . . . . 3 . . . . 1 . . . . . 2 2 . 7 2 1 . Terminals 3 | . . . . . 1 . . . . . . . . . . 2 . . . . . . Assimilate 1 | . . . . . 1 . . . . . . . . . . . . . . . . . Sabotage 2 | . . . . . . . . . . . . . . . . 2 . . . . . . Fabricators . | . . . . . . . . . . . . . . . . . . . . . . . Repair Stations 4 | . . . . . . . . . . . . . . . . . . . 3 . 1 . Patch 4 | . . . . . . . . . . . . . . . . . . . 3 . 1 . Recycling Units 11 | . . . . . 2 . . . . 1 . . . . . . 2 . 4 2 . . Fedlink 11 | . . . . . 2 . . . . 1 . . . . . . 2 . 4 2 . . Scanalyzers . | . . . . . . . . . . . . . . . . . . . . . . . Garrison Access . | . . . . . . . . . . . . . . . . . . . . . . . Data Cores Recovered 2 | . . . . . 1 . . . . 1 . . . . . . . . . . . . Used 1 | . . . . . . . . . . 1 . . . . . . . . . . . . Hacking Detections 27 | . . . . . 3 . . . . 2 . 1 1 1 . 2 6 . 4 4 3 . Full Trace Events 9 | . . . . . . . . . . 1 . 1 . 1 . . 2 . 2 1 1 . Feedback Events 1 | . . . . . . . . . . . . . . . . . . . 1 . . . Corruption 1 | . . . . . . . . . . . . . . . . . . . 1 . . . Feedback Blocked . | . . . . . . . . . . . . . . . . . . . . . . . Robot Schematics Acquired 4 | . . . . . . . . 4 . . . . . . . . . . . . . . Robots Built . | . . . . . . . . . . . . . . . . . . . . . . . Authchips . | . . . . . . . . . . . . . . . . . . . . . . . Time . | . . . . . . . . . . . . . . . . . . . . . . . Total Robot Build Rating . | . . . . . . . . . . . . . . . . . . . . . . . Part Schematics Acquired 10 | . . . . . . . . 10 . . . . . . . . . . . . . . Parts Built . | . . . . . . . . . . . . . . . . . . . . . . . Authchips . | . . . . . . . . . . . . . . . . . . . . . . . Time . | . . . . . . . . . . . . . . . . . . . . . . . Total Part Build Rating . | . . . . . . . . . . . . . . . . . . . . . . . Part Studies Acquired 4 | . . . . . 1 . . . . . . . . . . . . . 1 . 2 . Parts Repaired 2 | . . . . . . . . . . . . . . . . . . . 1 . 1 . Time 137 | . . . . . . . . . . . . . . . . . . . 103 . 34 . Parts Recycled . | . . . . . . . . . . . . . . . . . . . . . . . Recycled Matter . | . . . . . . . . . . . . . . . . . . . . . . . Retrieved Matter . | . . . . . . . . . . . . . . . . . . . . . . . Retrieved Components . | . . . . . . . . . . . . . . . . . . . . . . . Parts Scanalyzed . | . . . . . . . . . . . . . . . . . . . . . . . Part Schematics Acquired . | . . . . . . . . . . . . . . . . . . . . . . . Parts Damaged . | . . . . . . . . . . . . . . . . . . . . . . . Bothacking | -11 -10 -10 -9 -9 -6 -6 -6 -6 -5 -5 -5 -5 -5 -5 -5 -5 -4 -4 -4 -3 -3 -3 ------------ Run | Yrd Mat Sub Rec Scr Fac Low Low Dat Pro Fac Was Fac Ext Cet Arc Hub Fac Was Fac Res Qua Frg Used RIF Installer . | . . . . . . . . . . . . . . . . . . . . . . . Robots Hacked 3 | . . . . . . . . . . 1 . . . . . . 2 . . . . . Non-combat 3 | . . . . . . . . . . 1 . . . . . . 2 . . . . . Combat . | . . . . . . . . . . . . . . . . . . . . . . . Robot Hacks Applied 3 | . . . . . . . . . . 1 . . . . . . 2 . . . . . find_chute 2 | . . . . . . . . . . 1 . . . . . . 1 . . . . . find_recycling 1 | . . . . . . . . . . . . . . . . . 1 . . . . . Relay Couplers Released 8 | . . . . . . . . . . . . . . . . . . . . 4 . 4 Machine Destruction 4 | . . . . . . . . . . . . . . . . . . . . 4 . . Programmers 4 | . . . . . . . . . . . . . . . . . . . . . . 4 Fabnet Peak Effective % . | . . . . . . . . . . . . . . . . . . . . . . . Robots Rewired 8 | . . . . . . . . . . . . . 8 . . . . . . . . . Allies Hacked . | . . . . . . . . . . . . . . . . . . . . . . . Hacks Repelled . | . . . . . . . . . . . . . . . . . . . . . . . Allies | -11 -10 -10 -9 -9 -6 -6 -6 -6 -5 -5 -5 -5 -5 -5 -5 -5 -4 -4 -4 -3 -3 -3 -------- Run | Yrd Mat Sub Rec Scr Fac Low Low Dat Pro Fac Was Fac Ext Cet Arc Hub Fac Was Fac Res Qua Frg Total Allies 21 | . . . . . . . . . 1 . 1 . 14 5 . . . . . . . . Largest Group 8 | . . . . . . . . . 1 1 1 . 7 8 8 6 . . . . . . Highest-Rated Group 540 | . . . . . . . . . 96 96 31 . 302 540 540 500 . . . . . . Highest-Rated Ally 159 | . . . . . . . . . 96 96 31 . 159 159 96 96 . . . . . . Total Orders . | . . . . . . . . . . . . . . . . . . . . . . . Ally Attacks 245 | . . . . . . . . . 5 . 11 . 61 67 34 67 . . . . . . Total Damage 8341 | . . . . . . . . . 425 . 148 . 1200 2704 1158 2706 . . . . . . Kills 47 | . . . . . . . . . 2 . . . 9 10 5 21 . . . . . . Allies Corrupted 2 | . . . . . . . . . . . . . 1 . . 1 . . . . . . Allies Melted 1 | . . . . . . . . . . . . . 1 . . . . . . . . . Intel | -11 -10 -10 -9 -9 -6 -6 -6 -6 -5 -5 -5 -5 -5 -5 -5 -5 -4 -4 -4 -3 -3 -3 ------- Run | Yrd Mat Sub Rec Scr Fac Low Low Dat Pro Fac Was Fac Ext Cet Arc Hub Fac Was Fac Res Qua Frg Active Infowar (turns) 12247 | . . . . . 960 329 906 101 257 760 42 86 744 374 648 313 357 41 1734 1155 2577 863 Optics 9580 | . . . . . 735 329 906 101 257 760 42 86 744 374 648 313 357 41 1734 1155 998 . Sensors 9507 | . . . . . 826 329 906 101 257 415 . 77 54 . . 304 357 41 1734 1155 2577 374 Structural 492 | . . . . . . . . . . . . . . . . . . . . . . 492 Cloaking 495 | . . . . . . . . . . . . . . . . . . . . . . 495 Jamming 2687 | . . . . . . . . . . 83 . . . . . 220 77 . 1239 698 1 369 Robot Analysis Total . | . . . . . . . . . . . . . . . . . . . . . . . Derelict Logs Recovered 7 | . . . . 4 . . 3 . . . . . . . . . . . . . . . Drone Launches . | . . . . . . . . . . . . . . . . . . . . . . . Drone Recoveries . | . . . . . . . . . . . . . . . . . . . . . . . Exploration | -11 -10 -10 -9 -9 -6 -6 -6 -6 -5 -5 -5 -5 -5 -5 -5 -5 -4 -4 -4 -3 -3 -3 ------------- Run | Yrd Mat Sub Rec Scr Fac Low Low Dat Pro Fac Was Fac Ext Cet Arc Hub Fac Was Fac Res Qua Frg Turns Passed 23715 | 88 72 4736 344 5534 1267 329 906 101 257 760 42 86 744 374 648 313 357 41 1734 1155 2964 863 Spaces Moved 15016 | 47 42 1835 117 2457 778 269 679 89 212 572 112 242 724 343 159 426 819 85 1802 810 1943 454 Core 559 | 4 . . . 555 . . . . . . . . . . . . . . . . . . Treads 514 | 43 42 429 . . . . . . . . . . . . . . . . . . . . Legs 5900 | . . . . . 543 269 679 89 212 401 . . . . . . . . 500 810 1943 454 Wheels 3660 | . . 1406 117 1902 235 . . . . . . . . . . . . . . . . . Hover 4383 | . . . . . . . . . . 171 112 242 724 343 159 426 819 85 1302 . . . Flight . | . . . . . . . . . . . . . . . . . . . . . . . Fastest Speed 16 | 50 160 100 295 50 80 111 111 114 114 31 17 31 16 30 44 27 22 36 35 114 113 111 Average Speed 129 | 150 160 247 295 223 110 111 112 114 114 90 26 31 34 34 44 41 37 39 61 123 125 115 Slowest Speed 295 | 160 160 295 295 295 190 111 114 114 114 185 31 31 36 44 44 44 42 40 250 240 244 121 Overloaded Moves 250 | . . . . . . . . . . . 39 . 16 . . 40 16 . 2 8 129 . Propulsion Burnouts . | . . . . . . . . . . . . . . . . . . . . . . . Robots Hopped . | . . . . . . . . . . . . . . . . . . . . . . . Potential Cave-ins 7 | . . . . . . . . . . . . . . . . . . . . . . 7 Cave-ins Triggered 2 | . . . . . . . . . . . . . . . . . . . . . . 2 Exploration Rate (%) 49 | 4 9 81 24 85 15 44 78 80 50 17 85 7 87 60 87 31 20 78 44 29 97 28 Regions Visited 22 Branch Regions 13 Pre-discovered Areas 7 | . . 1 . 3 1 . 1 1 . . . . . . . . . . . . . . Known Exits Taken 13 | . . . . . 1 1 1 1 1 . . 1 1 1 1 1 . . 1 1 1 . Unknown Exits Taken 5 | 1 1 1 1 1 . . . . . . . . . . . . . . . . . . Scrap Searched 28 | . . 18 . 7 . 2 1 . . . . . . . . . . . . . . . Spaces Dug 66 | . . 1 . . 3 3 3 . 1 6 . 1 . . . 4 5 1 21 2 4 11 Terrain Destroyed 350 | . . 14 . . 3 7 11 . 1 73 . 1 . . . 164 8 2 27 2 4 33 Melee 51 | . . . . . 3 . 1 . 1 3 . 1 . . . 4 4 . 18 2 4 10 Projectile 57 | . . 3 . . . 7 4 . . 5 . . . . . . 4 2 9 . . 23 AOE 242 | . . 11 . . . . 6 . . 65 . . . . . 160 . . . . . . Terrain Rammed . | . . . . . . . . . . . . . . . . . . . . . . . Walls Destroyed . | . . . . . . . . . . . . . . . . . . . . . . . Machines Disabled . | . . . . . . . . . . . . . . . . . . . . . . . Actions | -11 -10 -10 -9 -9 -6 -6 -6 -6 -5 -5 -5 -5 -5 -5 -5 -5 -4 -4 -4 -3 -3 -3 --------- Run | Yrd Mat Sub Rec Scr Fac Low Low Dat Pro Fac Was Fac Ext Cet Arc Hub Fac Was Fac Res Qua Frg Total 18605 | 58 47 1967 118 2518 1095 290 774 88 218 735 124 252 1151 561 722 505 852 90 2317 939 2448 736 Wait 2090 | . . 44 . . 150 . 50 . . 26 8 . 280 165 543 18 . . 287 2 402 115 Move 14994 | 46 41 1834 116 2456 777 268 678 88 211 572 111 241 723 342 158 425 819 84 1801 809 1942 452 Hop . | . . . . . . . . . . . . . . . . . . . . . . . Pick Up 214 | 4 5 27 1 43 28 2 2 . . 15 3 4 5 8 3 4 4 . 25 15 11 5 Fast Attach 98 | 5 . 5 . 2 13 1 . . . 8 . . 2 4 3 4 . 1 20 12 11 7 Attach 99 | . 1 2 . 2 20 2 4 . . 18 . . 2 6 . 2 8 1 9 5 5 12 Detach 30 | . . . . . 1 2 3 . . 5 . . . . . 1 4 1 7 . . 6 Swap 56 | . . 3 . . 6 . . . . 8 . 2 1 . . 4 . . 12 2 12 6 Drop 208 | . . 18 1 15 23 4 1 . . 19 2 4 5 5 4 6 . 1 38 25 26 11 Fire 104 | 3 . 34 . . 1 7 16 . . 13 . . . . . 3 6 2 15 . . 4 Melee 605 | . . . . . 68 4 20 . 7 51 . 1 46 28 11 38 11 . 103 62 39 116 Ram . | . . . . . . . . . . . . . . . . . . . . . . . Kick . | . . . . . . . . . . . . . . . . . . . . . . . Crush . | . . . . . . . . . . . . . . . . . . . . . . . Escape Stasis 15 | . . . . . 8 . . . . . . . 5 . . . . . . . . 2 Rewire 92 | . . . . . . . . . . . . . 82 3 . . . . . 7 . . Trap . | . . . . . . . . . . . . . . . . . . . . . . . Miscellaneous . | . . . . . . . . . . . . . . . . . . . . . . . Route ------- -11/Scrapyard -10/Materials -10/Subcaves (discovered 3 exits: [*Mat x2] / [*Rec]) -9/Recycling -9/Scraptown (discovered 2 exits: *Fac x2) -6/Factory (discovered 4 exits: *Fac x2 / *Low x2) -6/Lower Caves -6/Lower Caves (discovered 2 exits: *Fac / *Dat) -6/Data Miner -5/Proximity Caves -5/Factory (discovered 3 exits: *Fac / Ext x2) -5/Waste -5/Factory -5/Extension (discovered 2 exits: *Fac / *Cet) -5/Cetus (discovered 2 exits: *Fac / *Arc) -5/Archives (discovered 3 exits: *Fac / *Hub x2) -5/Hub_04(d) -4/Factory (discovered 4 exits: *Res x4) -4/Waste -4/Factory -3/Research (discovered 2 exits: *Res / *Qua) -3/Quarantine (discovered 3 exits: *Res / [*Sec] / *Frg) -3/Protoforge (discovered 1 exit: *Res) History --------- Turn | Location | Event 13 | -11/Scrapyard | Discovered new exit (range 16) 89 | -11/Scrapyard | Entered Materials 153 | -10/Materials | Discovered new exit (range 6) 161 | -10/Materials | Entered Subcaves 299 | -10/Subcaves | Ambushed by swarm of Subdwellers 305 | -10/Subcaves | Ambushed by Subdwellers from Twisted Machinery 309 | -10/Subcaves | Ambushed by Subdweller buried in earth 334 | -10/Subcaves | Build established: Mutant 457 | -10/Subcaves | Learned location of Zion (-7) 457 | -10/Subcaves | Met a Zionite searching for "candidates" 869 | -10/Subcaves | Shifting Twisted Machinery released Flamer 870 | -10/Subcaves | Shifting Twisted Machinery released Battle Cannon 910 | -10/Subcaves | Disturbed a concealed Subdweller 1057 | -10/Subcaves | Discovered new exit (range 11) 1275 | -10/Subcaves | Discovered new exit (range 10) 1409 | -10/Subcaves | Build established: Hauler-Mutant 2147 | -10/Subcaves | Disturbed a concealed Subdweller 3047 | -10/Subcaves | Discovered new exit (range 11) 3391 | -10/Subcaves | Visited 4L-MR0's lab 3815 | -10/Subcaves | Core integrity fell below 50% 4436 | -10/Subcaves | Found SUBCON Basin 4897 | -10/Subcaves | Entered Recycling 4898 | -9/Recycling | Joined Warlord attack on 0b10 via Recycling 5104 | -9/Recycling | Scanned before Scraplab entrance 5148 | -9/Recycling | Entered Scraplab 5238 | -9/Recycling | Discovered new exit (range 2) 5241 | -9/Recycling | Entered Scraptown 5558 | -9/Scraptown | Visited UFD Registry 5558 | -9/Scraptown | Registered with UFD as "Nanorunner" 5655 | -9/Scraptown | Visited Sword Containment 5732 | -9/Scraptown | Visited Infowarlord's Domain 5771 | -9/Scraptown | Visited Supply Room 5809 | -9/Scraptown | Visited Scrap Suit Storage 5850 | -9/Scraptown | Visited A0-MCA Data Center 5877 | -9/Scraptown | Visited Modified Component R&D 5977 | -9/Scraptown | Visited Abandonware Association 6007 | -9/Scraptown | Learned abandonware demo "KABOOM.EXE" 6136 | -9/Scraptown | Visited Cartography Club 6332 | -9/Scraptown | Found Deep Structural Scanner 6338 | -9/Scraptown | Learned location of Lower Caves (-7) 6338 | -9/Scraptown | Learned location of Extension (-5) 6338 | -9/Scraptown | Learned location of Hub_04(d) (-5) 6338 | -9/Scraptown | Learned 16 Materials zone layouts 6338 | -9/Scraptown | Learned 24 Factory zone layouts 6338 | -9/Scraptown | Learned 12 Research zone layouts 6338 | -9/Scraptown | Learned 4 Mines zone layouts 6338 | -9/Scraptown | Learned 12 Lower Caves zone layouts 6338 | -9/Scraptown | Learned 16 Upper Caves zone layouts 6338 | -9/Scraptown | Learned 12 Proximity Caves zone layouts 6338 | -9/Scraptown | Learned Materials emergency access door positions 6338 | -9/Scraptown | Learned location of 2 exits from Upper Caves 6338 | -9/Scraptown | Learned location of 3 exits from Proximity Caves 6501 | -9/Scraptown | Heard Great Nut preacher, LISTEN AND RECITE! 6510 | -9/Scraptown | Build established: Mutant 6894 | -9/Scraptown | Build established: Hauler-Mutant 7003 | -9/Scraptown | Scanned Subdweller tech in exchange for log data 7012 | -9/Scraptown | Learned Factory machine intel 7017 | -9/Scraptown | Learned location of 1 exit from Factory 7023 | -9/Scraptown | Learned location of 1 exit from Proximity Caves 7244 | -9/Scraptown | Discovered new exit (range 11) 7334 | -9/Scraptown | Guru changed UFD alias to "Thundershaft" 7771 | -9/Scraptown | Visited Bundlers 8003 | -9/Scraptown | Visited Junk Repository 9448 | -9/Scraptown | Visited Junk Cannon Lab 9464 | -9/Scraptown | Found Prototype Special Weapon 9620 | -9/Scraptown | Delivered Scrap Shield to a Scientist 9760 | -9/Scraptown | Found Exp. Signal Interpreter 10017 | -9/Scraptown | Found Scrap Suit 10188 | -9/Scraptown | Given a D rating by A0-MCA 10192 | -9/Scraptown | Found A0-MCA's Component Scanner 10420 | -9/Scraptown | Found Prototype Slashing Weapon 10420 | -9/Scraptown | Identified Companion Sword 10616 | -9/Scraptown | Met Optimus 10616 | -9/Scraptown | Accepted into 0bPrime 10766 | -9/Scraptown | Discovered new exit (range 3) 10775 | -9/Scraptown | Entered Factory 10775 | -6/Factory | Evolved 8 slots: Propulsion x3, Utility x5 10776 | -6/Factory | Identified exit to Lower Caves 10777 | -6/Factory | Identified exit to Factory 10779 | -6/Factory | Loaded intel: 272 machine locations 10919 | -6/Factory | Loaded intel: 8 recycling unit locations 11072 | -6/Factory | Build established: Scrapper 11102 | -6/Factory | Core integrity fell below 50% 11157 | -6/Factory | Lost 9 parts (2p3n4u) 11446 | -6/Factory | Learned location of Protoforge (-3) 11739 | -6/Factory | Build established: Scavenger-Assassin 11827 | -6/Factory | Spotted B-75 Beast 12042 | -6/Factory | Entered Lower Caves 12043 | -6/Lower Caves | Identified exit to Lower Caves 12044 | -6/Lower Caves | UFD Scientist delivered a prototype 12050 | -6/Lower Caves | Found Prototype Protection 12050 | -6/Lower Caves | Identified Enh. Scrap Shield 12255 | -6/Lower Caves | Build established: Assassin 12371 | -6/Lower Caves | Entered another Lower Caves area 12425 | -6/Lower Caves | Discovered exit to Factory (range 7) 12489 | -6/Lower Caves | Learned Factory non-interactive machine intel 12959 | -6/Lower Caves | Core integrity fell below 20% 13023 | -6/Lower Caves | Discovered new exit (range 14) 13024 | -6/Lower Caves | Encountered a Warlord checkpoint 13038 | -6/Lower Caves | Identified exit to Data Miner 13277 | -6/Lower Caves | Entered Data Miner 13277 | -6/Data Miner | Discovered new exit (range 6) 13292 | -6/Data Miner | Met Data Miner 13332 | -6/Data Miner | Learned location of Section 7 (-3) 13332 | -6/Data Miner | Acquired the access code to Warlord's prototype stash 13350 | -6/Data Miner | Received God Mode back door access code from Data Miner 13376 | -6/Data Miner | Identified exit to Proximity Caves 13378 | -6/Data Miner | Entered Proximity Caves 13408 | -5/Proximity Caves | Spotted B-75 Beast 13413 | -5/Proximity Caves | Escorted by Enhanced Grunt 13635 | -5/Proximity Caves | Entered Factory 13635 | -5/Factory | Accompanied by 1 ally 13635 | -5/Factory | Evolved 2 slots: Power x1, Propulsion x1 13636 | -5/Factory | Identified exit to Extension 13637 | -5/Factory | Loaded intel: 217 non-interactive machine locations 13669 | -5/Factory | Incoming investigation squad redirected 13676 | -5/Factory | Attached CPS modules to Enhanced Grunt. 13718 | -5/Factory | Found Prototype Device 13718 | -5/Factory | Identified Exp. Thermal Shield 13936 | -5/Factory | Build established: Scavenger-Assassin 14047 | -5/Factory | Discovered new exit (range 16) 14308 | -5/Factory | Lost 3 parts (1p1n1u) 14378 | -5/Factory | Loaded intel: 8 recycling unit locations 14395 | -5/Factory | Sucked down chute 14395 | -5/Factory | Entered Waste 14396 | -5/Waste | Met a frightened Derelict 14396 | -5/Waste | Found Broken Fusion Bomb Launcher 14410 | -5/Waste | EMP discharged 14410 | -5/Waste | System corruption reached 10% 14412 | -5/Waste | Spotted C-40 Crusher 14414 | -5/Waste | Spotted C-40 Crusher 14429 | -5/Waste | Spotted C-40 Crusher 14432 | -5/Waste | Spotted C-40 Crusher 14432 | -5/Waste | Spotted C-40 Crusher 14435 | -5/Waste | Discovered new exit (range 10) 14436 | -5/Waste | Identified exit to Factory 14437 | -5/Waste | Entered Factory 14472 | -5/Factory | Discovered exit to Extension (range 14) 14523 | -5/Factory | Entered Extension 14605 | -5/Extension | Rescued a captive Derelict 14608 | -5/Extension | Rescued a captive Derelict 14608 | -5/Extension | Rescued a captive Derelict 14740 | -5/Extension | Rescued a captive Derelict 14823 | -5/Extension | First assault squad dispatched 14849 | -5/Extension | Incoming assault squad redirected 14950 | -5/Extension | Build established: Mutant 15043 | -5/Extension | Spotted B-75 Beast 15052 | -5/Extension | Spotted B-75 Beast 15074 | -5/Extension | Rescued a captive Derelict 15075 | -5/Extension | Rescued a captive Derelict 15096 | -5/Extension | Energy Cycler disabled 15097 | -5/Extension | Rescued A7 15208 | -5/Extension | Discovered new exit (range 10) 15208 | -5/Extension | Discovered new exit (range 6) 15213 | -5/Extension | Identified exit to Factory 15246 | -5/Extension | Identified exit to Cetus 15267 | -5/Extension | Entered Cetus 15267 | -5/Cetus | Accompanied by 7 allies (A7) 15271 | -5/Cetus | Spotted Cetus Guard 15271 | -5/Cetus | Spotted Cetus Guard 15271 | -5/Cetus | Spotted Cetus Guard 15271 | -5/Cetus | Spotted Cetus Guard 15272 | -5/Cetus | Acquired a Cetus Manufacturing Module code from A7 15305 | -5/Cetus | Destroyed Cetus Guard 15309 | -5/Cetus | Allies destroyed Cetus Guard 15320 | -5/Cetus | Allies destroyed Cetus Guard 15332 | -5/Cetus | Allies destroyed Cetus Guard 15338 | -5/Cetus | Lost 3 allies 15354 | -5/Cetus | Started Cetus Manufacturing Module 15356 | -5/Cetus | Lost 6 parts (1p2n3u) 15379 | -5/Cetus | Manufactured an Enhanced Grunt 15388 | -5/Cetus | Incoming investigation squad redirected 15388 | -5/Cetus | Discovered new exit (range 22) 15404 | -5/Cetus | Manufactured an Enhanced Grunt 15411 | -5/Cetus | Murdered A7 15414 | -5/Cetus | Extracted ID and sensor layout for unrecognized location from A7's data core 15429 | -5/Cetus | Manufactured an Enhanced Grunt 15432 | -5/Cetus | Identified exit to Archives 15454 | -5/Cetus | Manufactured an Enhanced Grunt 15479 | -5/Cetus | Manufactured an Enhanced Grunt 15533 | -5/Cetus | Spotted Cetus Guard 15533 | -5/Cetus | Spotted Cetus Guard 15534 | -5/Cetus | Discovered exit to Factory (range 21) 15534 | -5/Cetus | Spotted Cetus Guard 15534 | -5/Cetus | Spotted Cetus Guard 15554 | -5/Cetus | Allies destroyed Cetus Guard 15564 | -5/Cetus | Allies destroyed Cetus Guard 15567 | -5/Cetus | Destroyed Cetus Guard 15568 | -5/Cetus | Allies destroyed Cetus Guard 15577 | -5/Cetus | Met Revision 17 15641 | -5/Cetus | Entered Archives 15641 | -5/Archives | Accompanied by 8 allies 15665 | -5/Archives | Discovered new exit (range 22) 15683 | -5/Archives | Discovered new exit (range 22) 15848 | -5/Archives | Build established: Commander-Mutant 15905 | -5/Archives | Discovered exit to Factory (range 17) 16109 | -5/Archives | Identified exit to Hub_04(d) 16289 | -5/Archives | Entered Hub_04(d) 16289 | -5/Hub_04(d) | Accompanied by 6 allies 16420 | -5/Hub_04(d) | Core integrity fell below 50% 16476 | -5/Hub_04(d) | Discovered exit to Factory (range 10) 16562 | -5/Hub_04(d) | Incoming investigation squad redirected 16563 | -5/Hub_04(d) | Incoming investigation squad redirected 16564 | -5/Hub_04(d) | Network Hub disabled 16568 | -5/Hub_04(d) | Found Exp. Thermal Shield 16580 | -5/Hub_04(d) | Spotted Lightning 16588 | -5/Hub_04(d) | Spotted Lightning 16588 | -5/Hub_04(d) | Spotted Lightning 16589 | -5/Hub_04(d) | First assault squad dispatched 16595 | -5/Hub_04(d) | Spotted Lightning 16597 | -5/Hub_04(d) | Spotted Lightning 16602 | -5/Hub_04(d) | Entered Factory 16602 | -4/Factory | Evolved 2 slots: Propulsion x1, Utility x1 16603 | -4/Factory | Identified exit to Research 16618 | -4/Factory | Lost 3 allies 16657 | -4/Factory | Discovered exit to Research (range 22) 16733 | -4/Factory | Loaded intel: 8 recycling unit locations 16743 | -4/Factory | Spotted B-86 Titan 16750 | -4/Factory | Incoming investigation squad redirected 16848 | -4/Factory | Build established: Ninja 16852 | -4/Factory | First assault squad dispatched 16952 | -4/Factory | Lost 3 parts (1p1n1u) 16959 | -4/Factory | Sucked down chute 16959 | -4/Factory | Entered Waste 16971 | -4/Waste | Spotted C-40 Crusher 16974 | -4/Waste | EMP discharged 16974 | -4/Waste | System corruption reached 10% 16974 | -4/Waste | Spotted C-40 Crusher 16975 | -4/Waste | Spotted C-40 Crusher 16983 | -4/Waste | Spotted C-40 Crusher 16983 | -4/Waste | Spotted C-40 Crusher 16983 | -4/Waste | Spotted C-40 Crusher 16986 | -4/Waste | Discovered new exit (range 14) 17000 | -4/Waste | Identified exit to Factory 17000 | -4/Waste | Entered Factory 17055 | -4/Factory | Loaded intel: 8 recycling unit locations 17133 | -4/Factory | Noticed UFD Elites at a Recycling Unit 17221 | -4/Factory | Incoming investigation squad redirected 17454 | -4/Factory | Spotted B-86 Titan 17523 | -4/Factory | Spotted B-86 Titan 17693 | -4/Factory | Forged Quantum Companion 18038 | -4/Factory | Build established: Assassin 18056 | -4/Factory | Discovered exit to Research (range 21) 18096 | -4/Factory | Incoming investigation squad redirected 18190 | -4/Factory | Incoming investigation squad redirected 18258 | -4/Factory | Repaired Broken Cmb. Linear Gravjet 18734 | -4/Factory | Entered Research 18734 | -3/Research | Evolved 2 slots: Propulsion x1, Utility x1 18934 | -3/Research | Revision forces began assault on 0b10 18996 | -3/Research | Spotted B-86 Titan 19095 | -3/Research | Met up with Revision 17++ 19233 | -3/Research | Discovered new exit (range 21) 19257 | -3/Research | Identified exit to Research 19344 | -3/Research | Loaded intel: 5 recycling unit locations 19434 | -3/Research | Research terminal network offline 19700 | -3/Research | Discovered new exit (range 10) 19885 | -3/Research | Identified exit to Quarantine 19889 | -3/Research | Entered Quarantine 19980 | -3/Quarantine | Cryocooling Duct disabled 19995 | -3/Quarantine | Ambient heat levels rising (+20) 19995 | -3/Quarantine | Non-combat units ordered to evacuate 20018 | -3/Quarantine | Cryocooling Duct disabled 20033 | -3/Quarantine | Ambient heat levels rising (+20) 20033 | -3/Quarantine | Combat units ordered to evacuate 20051 | -3/Quarantine | Found Alien Artifact 20054 | -3/Quarantine | Identified Subatomic Replicator 20054 | -3/Quarantine | Forged Prototype Slashing Weapon 20133 | -3/Quarantine | Quarantine Guard activated 20143 | -3/Quarantine | Cryocooling Duct disabled 20158 | -3/Quarantine | Ambient heat levels rising (+20) 20169 | -3/Quarantine | Cryocooling Duct disabled 20184 | -3/Quarantine | Ambient heat levels rising (+20) 20219 | -3/Quarantine | Spotted Quarantine Guard 20279 | -3/Quarantine | Destroyed Quarantine Guard 20297 | -3/Quarantine | Cryocooling Duct disabled 20312 | -3/Quarantine | Ambient heat levels rising (+20) 20568 | -3/Quarantine | Spotted Quarantine Guard 20597 | -3/Quarantine | Destroyed Quarantine Guard 20633 | -3/Quarantine | Spotted Quarantine Guard 20651 | -3/Quarantine | Destroyed Quarantine Guard 20827 | -3/Quarantine | Found Alien Artifact 20827 | -3/Quarantine | Identified Phase Redirector 21004 | -3/Quarantine | Discovered exit to Research (range 15) 21093 | -3/Quarantine | Met incapacitated Sigix Warrior 21093 | -3/Quarantine | Lockdown squad dispatched 21664 | -3/Quarantine | Build established: Mutant 21756 | -3/Quarantine | Found Sigix Containment Pod 21763 | -3/Quarantine | Acquired the access code to the Sigix quarantine chamber 21766 | -3/Quarantine | Unlocked Sigix quarantine chamber 22056 | -3/Quarantine | Found Sigix Corpse 22067 | -3/Quarantine | Found Sigix Corpse 22167 | -3/Quarantine | Incoming investigation squad redirected 22174 | -3/Quarantine | Repaired Hvy. Armored Exoskeleton 22419 | -3/Quarantine | Spotted Fortress 22649 | -3/Quarantine | Found Alien Energy Cannon 22847 | -3/Quarantine | Discovered new exit (range 6) 22847 | -3/Quarantine | Discovered new exit (range 6) 22852 | -3/Quarantine | Identified exit to Protoforge 22853 | -3/Quarantine | Entered Protoforge 22856 | -3/Protoforge | Identified Core Cannon 22864 | -3/Protoforge | Superfortress began startup sequence 22894 | -3/Protoforge | Spotted B-86 Titan 22918 | -3/Protoforge | Spotted Hotshot 22920 | -3/Protoforge | Spotted Hotshot 22947 | -3/Protoforge | Destroyed Hotshot 22949 | -3/Protoforge | Destroyed Hotshot 23164 | -3/Protoforge | Discovered exit to Research (range 10) 23222 | -3/Protoforge | Crushed by falling debris 23253 | -3/Protoforge | Lost 3 parts (3u) 23462 | -3/Protoforge | Additional patrols dispatched to research labs 23572 | -3/Protoforge | Destroyed 8 combat bots 23593 | -3/Protoforge | Spotted AP7-3 23606 | -3/Protoforge | Spotted AP7-3 23615 | -3/Protoforge | Destroyed AP7-3 23620 | -3/Protoforge | Spotted Overlord 23629 | -3/Protoforge | Crushed by falling debris 23630 | -3/Protoforge | Core integrity fell below 50% 23641 | -3/Protoforge | Spotted Hotshot 23642 | -3/Protoforge | Spotted Hotshot 23687 | -3/Protoforge | Spotted SKR-2 23687 | -3/Protoforge | Spotted SKR-2 23688 | -3/Protoforge | Lost 3 parts (1n2u) 23688 | -3/Protoforge | Spotted SKR-2 23710 | -3/Protoforge | Core integrity fell below 20% 23710 | -3/Protoforge | Destroyed SKR-2 23711 | -3/Protoforge | Spotted EXE-6 23716 | -3/Protoforge | Destroyed by EXE-6 with Concept XC Strikerail Last Messages --------------- 23698_ Centrium Medium Armor Plating destroyed. 23702_ Penetrated by Slug. Superquantum Companion releases a shadow of itself that zips off towards SKR-2. 23706_ Penetrated by Slug. 23706_ Myomer Leg+ destroyed. 23707_ K-01 Serf cleans the Machine. 23707_ Graviton Reactor destroyed. 23707_ Penetrated by Slug. 23708_ SKR-2 follow-up attacks with Enh. Force Lance. Superquantum Companion releases a shadow of itself that zips off towards SKR-2. 23710_ SKR-2 destroyed. 23710_ Penetrated by Slug. 23712_ Lgt. Antimatter Reactor destroyed. 23712_ SKR-2 follow-up attacks with Enh. Force Lance. 23712_ Penetrated by Slug. 23714_ Particle Reactor destroyed. 23716_ Adv. Myomer Leg destroyed. 23716_ Penetrated by Slug. Map ----- +----------------------------------------------------+ | """"""""""""""""""""?????????????????????????????? | | """"""""""""""""""""""???????????????????????????? | | """""""""""""""""""""""??????????????????????????? | | """"""""""""""""""""""""?????????????????????????? | | """""""""""""""""""""""" ???????????????????????? | | """"""""""""""""""""""" ???????????????????????? | | """""""""""""""""""""" ""???????????????????????? | | """"""""""""""""""""" " ????????????????????? | | """"""""""""""""""" " ????????????????????? | | %""""""""""""""""" "? " ????????????????????? | | %""""""""""""""" "" "" " ?????????????????? | | """"""""" "" "" ?????????????????? | | "" "" "? """ ????????????????? | | """"" " "" "" "" ??????????????? | | " " " " ??????????????? | | " """" """" " "? """??????????????? | | """ """ "" """""""""" "" ?? ???????????? | | " """" """ " k? ???????????? | | " """ " !== """ " "?? """"??????????? | | " " "*%! "" "" " "" ???????????? | | " "!/! " "" "" ????????????? | | """" "" """ " " " "??????????????? | | " " " """" "" " ?????????? | | " K " ????????? | | """""""""" K """ ????????? | | """"""""" "@" ????????? | | ???? """""""""" " " " """""??????????? | | ????########################+++########??????????? | | ????""""""""######"""""#"" ""####??????????? | | ????####################" "####??????????? | | ????##################"" ""##??????????? | | ?????????????????????????????????????????????????? | | ?????????????????????????????????????????????????? | | ?????????????????????????????????????????????????? | | ?????????????????????????????????????????????????? | | ?????????????????????????????????????????????????? | | ?????????????????????????????????????????????????? | | ?????????????????????????????????????????????????? | | ?????????????????????????????????????????????????? | | ?????????????????????????????????????????????????? | | ?????????????????????????????????????????????????? | | ?????????????????????????????????????????????????? | | ?????????????????????????????????????????????????? | | ?????????????????????????????????????????????????? | | ?????????????????????????????????????????????????? | | ?????????????????????????????????????????????????? | | ?????????????????????????????????????????????????? | | ?????????????????????????????????????????????????? | | ?????????????????????????????????????????????????? | | ?????????????????????????????????????????????????? | +----------------------------------------------------+ Best States ------------- Heat Dissipation 115 Energy Generation 47 Energy Capacity 580 Matter Stores 300 Matter Capacity 300 Sight Range 22 Robot Scan Range 18 Terrain Scan Density 10 Jamming Range 14 Cloak Strength 2 Armor Coverage 800 Resistance: TH 30 Core Shielding 30 Utility Shielding 66 Weapon Shielding 90 Melee Speed Boost 50 Evasion (%) 67 Targeting Accuracy 20 Melee Accuracy 6 Core Analysis 6 Recoil Reduction 2 Item Schematics ----------------- Combat Drone Bay | -6/Data Miner | Free Lgt. Regenerative Plating | -6/Data Miner | Free Cld. Nuclear Pulse Thruster | -6/Data Miner | Free Imp. Matter Compressor | -6/Data Miner | Free Imp. KE Penetrator | -6/Data Miner | Free Imp. Heavy Treads | -6/Data Miner | Free Imp. Armor Integrity Analyzer | -6/Data Miner | Free Phase Gun | -6/Data Miner | Free Hardcell Cannon | -6/Data Miner | Free Lgt. Particle Reactor | -6/Data Miner | Free Robot Schematics ------------------ Y-54 Guardian | -6/Data Miner | Free H-66 Slayer | -6/Data Miner | Free Y-64 Sentinel | -6/Data Miner | Free B-48 Gladiator | -6/Data Miner | Free Fabricated ------------ Nothing Repaired ---------- Cmb. Linear Gravjet | 39% | -4/Factory | Broken Hvy. Armored Exoskeleton | 59% | -3/Quarantine Studied --------- Flexi-carbon Leg | -6/Factory | Hacked Cmb. Gravmag System | -4/Factory | Hacked Hvy. Armored Exoskeleton | -3/Quarantine | Hacked Myomer Leg | -3/Quarantine | Hacked Alien Tech Used ----------------- Subatomic Replicator Phase Redirector Core Cannon Achievements -------------- Drive-By Friends Forever Inventory Pressure Loot Taster Physics Protects Challenges ------------ None Game ------ Seed FireTractorMeganuke Manual? 0 Play Time 02:23:38 Cumulative 413.3 hours Start 2025.11.15 @ 13:56:49 End 2025.11.15 @ 16:22:19 Sessions 1 Manual Loads 0 Difficulty Rogue Special Mode None Game No. 372 Rogue 336 Adventurer 36 Explorer 0 Win Type - Total 16 Types 7/0/9/0/0/0/0/0/0/0 Lore% 72 Gallery% 85 Achievement% 63 Wizard Run 0 Options --------- Layout 0 ASCII 0 Keyboard 0 Movement Mouse Keybinds 0 Fullscreen 1 Font 18/SmallcapsGlow Map View 76x50 Zoom Use 0% Tactical HUD 1 Map Filters NONE Filters NONE Steam 1 RUN: 4587a1ec-9d8e-4d19-98b0-2f7b46766a58